Map: Triton LE

Players

LiquidMaNa (MaNa)

  • Race: Protoss Protoss
  • League: Grandmaster
  • Spawn Location: 11:00

Vanya - Winner!

  • Race: Zerg Zerg
  • League: Master
  • Spawn Location: 5:00

VOD

Have the link to the VOD?

Description

Time

  • Played on: Jan. 13, 2020, 2:09 p.m.
  • Length: 7:19
Show
View Real Time Build Order
Export as new Build Order

LiquidMaNa Protoss 

Build Orders: 1 Gate Expand, Zealot Archon, Archon Drop, Dark Templar Rush 

Get SALT Encoding   

  12  0:00  Probe  
  13  0:16  Pylon  
  13  0:17  Probe (Chrono Boost)  
  14  0:27  Probe (Chrono Boost)  
  15  0:32  Probe (Chrono Boost)  
  16  0:41  Gateway  
  16  0:44  Probe  
  16  0:48  Assimilator  
  17  0:56  Probe (Chrono Boost)  
  18  1:09  Probe (Chrono Boost)  
  19  1:14  Probe (Chrono Boost)  
  20  1:27  Nexus  
  20  1:36  Cybernetics Core  
  20  1:40  Probe  
  20  1:45  Assimilator  
  21  1:52  Probe  
  22  1:56  Pylon  
  22  2:04  Probe  
  23  2:12  Adept (Chrono Boost)  
  25  2:16  Probe  
  25  2:20  Warp Gate  
  26  2:28  Probe  
  27  2:33  Stalker (Chrono Boost)  
  27  2:36  Twilight Council  
  29  2:39  Probe  
  29  2:40  Probe  
  31  2:51  Probe  
  31  2:52  Probe  
  31  2:55  Robotics Facility  
  33  3:03  Probe  
  33  3:04  Probe  
  35  3:13  Dark Shrine  
  35  3:16  Probe  
  35  3:17  Probe  
  37  3:23  Gateway  
  37  3:32  Gateway  
  37  3:33  Gateway  
  37  3:36  Probe x2  
  39  3:42  Warp Prism (Chrono Boost)  
  41  3:53  Pylon  
  41  3:57  Shield Battery  
  41  3:59  Probe x2  
  41  4:02  Assimilator  
  41  4:04  Assimilator  
  41  4:08  Adept  
  43  4:11  Probe x2  
  43  4:14  Pylon  
  46  4:32  Pylon  
  46  4:37  Dark Templar x2  
  49  4:38  Dark Templar  
  49  4:41  Dark Templar  
  49  4:43  Probe  
  49  4:45  Pylon  
  54  4:57  Probe x2  
  56  5:00  Archon x2  
  56  5:03  Immortal (Chrono Boost)  
  60  5:09  Probe  
  60  5:12  Sentry x2  
  61  5:15  Probe  
  62  5:21  Probe  
  63  5:30  Charge, Nexus  
  63  5:32  Forge  
  63  5:33  Dark Templar  
  65  5:38  Pylon  
  65  5:41  Immortal (Chrono Boost)  
  65  5:47  Probe  
  68  5:54  Zealot  
  70  6:01  Probe x2, Pylon  
  72  6:09  Immortal (Chrono Boost)  
  72  6:21  Zealot x4  
  68  6:43  Dark Templar x3, Zealot  
  68  6:46  Archon  
  76  6:48  Archon  
  76  6:50  Pylon  
  76  6:52  Pylon  
  76  6:54  Pylon  
  76  7:10  Zealot  
  76  7:15  Zealot x2  
Show
View Real Time Build Order
Export as new Build Order

Vanya Zerg - Winner!

Build Orders: Hatch First 

Get SALT Encoding   

  12  0:00  Drone  
  13  0:12  Overlord  
  13  0:16  Drone  
  14  0:31  Drone x2  
  16  0:47  Hatchery  
  15  0:51  Drone  
  15  0:54  Drone  
  15  0:57  Drone  
  18  1:08  Extractor  
  17  1:13  Spawning Pool  
  17  1:15  Drone  
  17  1:19  Drone  
  18  1:27  Drone  
  19  1:39  Drone  
  20  1:49  Overlord  
  20  1:59  Queen  
  20  2:00  Zergling x4, Queen  
  26  2:08  Metabolic Boost  
  26  2:11  Drone x2  
  28  2:23  Drone  
  28  2:24  Drone  
  30  2:33  Hatchery  
  30  2:35  Drone  
  30  2:43  Queen  
  32  2:50  Overlord  
  32  2:52  Drone  
  32  2:53  Drone  
  34  2:59  Drone x2  
  36  3:06  Overlord  
  36  3:09  Drone x2  
  36  3:11  Zergling x6  
  41  3:16  Zergling x4  
  43  3:21  Overlord  
  43  3:25  Overlord  
  43  3:29  Drone  
  44  3:37  Overlord  
  44  3:39  Drone x2  
  44  3:40  Lair  
  44  3:41  Drone  
  47  3:42  Drone  
  47  3:46  Drone  
  47  3:47  Drone  
  50  3:54  Drone x3  
  50  4:04  Drone, Roach Warren  
  50  4:05  Extractor  
  50  4:06  Extractor, Drone x3  
  50  4:08  Drone  
  52  4:10  Drone  
  52  4:14  Drone x2  
  55  4:20  Zergling x6  
  55  4:21  Spore Crawler  
  57  4:29  Zergling x8  
  61  4:38  Overlord  
  61  4:39  Overseer  
  61  4:44  Roach x4  
  69  4:46  Glial Reconstitution  
  69  4:50  Extractor  
  66  4:54  Roach x3  
  66  4:56  Drone x2  
  74  5:04  Roach  
  74  5:05  Roach x3  
  82  5:11  Overlord  
  81  5:17  Overlord  
  81  5:23  Overlord  
  81  5:32  Zergling x18  
  90  5:37  Overlord  
  90  5:42  Roach x3  
  95  5:53  Roach x4  
  103  5:58  Overlord  
  103  6:00  Roach x5  
  113  6:04  Overlord  
  113  6:09  Overlord  
  113  6:16  Roach  
  113  6:19  Overlord  
  113  6:21  Overlord  
  113  6:22  Roach x2  
  113  6:23  Roach  
  115  6:27  Roach x2  
  115  6:31  Roach x2  
  118  6:36  Roach x2  
  118  6:38  Ravager x3  
  118  6:39  Ravager  
  125  6:40  Ravager x2  
  125  6:42  Zergling x2  
  125  6:45  Zergling x4  
  130  6:53  Zergling x8  
  134  6:58  Zergling x8  
Tags
 
Add a new tag
Caveats
  • Supply blocks, unpowered buildings, or Contaminate may cause inaccurate times.
  • Supply counts are checked every 10 seconds.